 Dungeon Crawl Stone Soup version 0.30-a0-672-gc3a7216ad8 (webtiles) character file.

Game seed: 4446750233733182204

2195 bmack86 the Cleaver (level 9, -1/78 HPs)
             Began as a Minotaur Fighter on Jan 18, 2023.
             Was a Follower of Okawaru.
             Slain by an ogre
             ... wielding a +0 giant spiked club
              (9 damage)
             ... on level 7 of the Dungeon.
             The game lasted 00:16:22 (6102 turns).

bmack86 the Cleaver (Minotaur Fighter)              Turns: 6102, Time: 00:16:23

Health: -1/78      AC: 10    Str: 25    XL:     9   Next: 12%
Magic:  9/9        EV:  8    Int:  5    God:    Okawaru [*.....]
Gold:   410        SH:  6    Dex: 10    Spells: 8/8 levels left

rFire   . . .      SeeInvis .    a - +1 war axe
rCold   . . .      Faith    .    c - +1 buckler
rNeg    . . .      Spirit   .    q - +0 chain mail
rPois   .          Reflect  .    (helmet restricted)
rElec   .          Harm     .    (no cloak)
rCorr   .          Rampage  .    (no gloves)
Will    .....                    (no boots) Stlth
                                 (no amulet)
HPRegen 0.33/turn                x - ring of flight
MPRegen 0.11/turn                (no ring)

@: lethally poisoned (-1 -> -5), flying
A: horns 2, retaliatory headbutt
a: Renounce Religion, Heroism


You were on level 7 of the Dungeon.
You worshipped Okawaru.
Okawaru was aware of your devotion.
You visited 2 branches of the dungeon, and saw 8 of its levels.
You also visited: Sewer.

You collected 410 gold pieces.

Inventory:

Hand Weapons
 a - a +1 war axe (weapon)
Missiles
 e - 5 javelins
 f - 4 curare-tipped darts (quivered)
 j - 16 poisoned darts
Armour
 c - a +1 buckler (worn)
 q - a +0 chain mail (worn)
Jewellery
 x - a ring of flight (left hand)
Wands
 g - a wand of roots (8)
 h - a wand of light (7)
 r - a wand of charming (7)
Scrolls
 b - 2 scrolls of teleportation
 k - a scroll of amnesia
Potions
 d - a potion of might
 i - a potion of resistance
 l - a potion of degeneration {unknown}
 m - 2 potions of ambrosia
 n - 8 potions of flight
 o - a potion of curing
 p - a potion of magic {unknown}
 s - 2 potions of brilliance {unknown}
 t - a potion of invisibility {unknown}
 v - a potion of heal wounds {unknown}


   Skills:
 + Level 6.8 Fighting
 * Level 8.6 Axes
 + Level 4.5 Throwing
 + Level 6.9 Armour
 + Level 6.8 Shields
 + Level 1.8 Invocations


You had 8 spell levels left.
You didn't know any spells.
Your spell library contained the following spells:

 Spells                   Type           Power      Damage    Failure   Level
 Airstrike                Air            0%         2d(0-16)  100%        4
 Cause Fear               Hex            0%         N/A       100%        4
 Lightning Bolt           Conj/Air       0%         1d11      100%        5
 Dragon Form              Tmut           0%         N/A       100%        7
 Summon Lightning Spire   Summ/Air       Unusable   N/A       N/A         4
 Dragon's Call            Summ           Unusable   N/A       N/A         9

Dungeon Overview and Level Annotations

Branches:
Dungeon (7/15)             Temple (1/1) D:5           Sewer (visited)

Altars:
Ashenzari
Cheibriados
Dithmenos
Elyvilon
Fedhas
Gozag
Hepliaklqana
Kikubaaqudgha
Makhleb
Nemelex Xobeh
Okawaru
Qazlal
Ru
Sif Muna
Trog
Uskayaw
Vehumet
Wu Jian
Xom
Yredelemnul
Zin
The Shining One

Shops:
D:1 (

Annotations:
D:3 2 runed translucent doors, Cancer's ghost, amateur AtFi


Innate Abilities, Weirdness & Mutations

You have a pair of horns on your head.
You reflexively headbutt those who attack you in melee.


Message History

You kill the orc warrior!
Okawaru accepts your kill.
You can now gain great but temporary skills.
You barely miss the orc priest.
The orc priest calls down the wrath of Beogh upon you.
You struggle to resist.
You barely miss the orc priest. Your headbutt misses the orc priest.
You block the orc priest's attack.
You slash the orc priest! Your headbutt misses the orc priest.
The orc priest is severely wounded.
The orc priest hits you with a +0 hand axe.
* * * LOW HITPOINT WARNING * * *
The orc priest hits you with a +0 hand axe.
* * * LOW HITPOINT WARNING * * *
You barely miss the orc priest. You headbutt the orc priest.
You kill the orc priest!
Okawaru accepts your kill.
The scorpion stings you but does no damage.
You hit the scorpion.
The scorpion is lightly wounded.
The scorpion stings you.
* * * LOW HITPOINT WARNING * * *
You closely miss the scorpion.
The scorpion is lightly wounded.
The scorpion stings you.
* * * LOW HITPOINT WARNING * * *
You are poisoned.
The scorpion poisons you!
You hit the scorpion.
The scorpion is moderately wounded.
You feel very sick. The scorpion barely misses you. You furiously retaliate!
You headbutt the scorpion! You slash the scorpion!
You kill the scorpion!
Okawaru accepts your kill.
You feel sick.
You barely miss the ogre.
You feel sick.
The ogre hits you with a +0 giant spiked club!
You die...

#.# #.# #.# #.. #.# ###
#+ #.# ... #.## ....
#..###### .....
##......# #
......####...##.########
.....oO@................
......####......########
.?... ##.##..# ### ....
#.##..# #.. ... #.....#
#.# #+ .###.## #.# #.
#.# #. #.# .. #.#


You could see an ogre and an orc.

Vanquished Creatures
  Pikel (D:4)
  Sigmund (D:2)
  An orc warrior (D:7)
  2 black bears
  2 bullfrogs (D:6)
  6 scorpions
  A necrophage (D:6)
  3 hounds
  An orc priest (D:7)
  A gnoll bouda (D:4)
  Natasha (D:4)
  5 iguanas
  A sickly merfolk siren (Sewer)
  Ijyb (D:4)
  A malarious merfolk avatar (Sewer)
  9 gnolls (D:4)
  9 adders
  3 river rats
  A white imp (D:5)
  2 ufetubi
  9 worms
  18 orcs
  10 endoplasms
  8 giant cockroaches
  5 goblins
  7 hobgoblins
  3 jackals (D:2)
  10 kobolds
  6 quokkas
  8 ball pythons
  8 bats
  7 frilled lizards
  38 rats
189 creatures vanquished.

Notes
Turn   | Place    | Note
-------+----------+-------------------------------------------
     0 | D:1      | bmack86 the Minotaur Fighter began the quest for the Orb.
     0 | D:1      | Reached XP level 1. HP: 19/19 MP: 0/0
    47 | D:1      | Found Voxonk's Weapon Shoppe.
   123 | D:1      | Reached XP level 2. HP: 27/27 MP: 1/1
   203 | D:1      | Reached skill level 3 in Axes
   381 | D:1      | Reached XP level 3. HP: 23/33 MP: 2/2
   702 | D:2      | Found a stormy altar of Qazlal.
   909 | D:2      | Reached skill level 1 in Throwing
   965 | D:2      | Noticed Sigmund
   970 | D:2      | Killed Sigmund
   971 | D:2      | Reached skill level 4 in Axes
   971 | D:2      | Reached XP level 4. HP: 41/41 MP: 3/3
   971 | D:2      | Reached XP level 5. HP: 47/47 MP: 4/4
  1362 | D:3      | Reached XP level 6. HP: 26/53 MP: 5/5
  1507 | D:3      | Reached skill level 5 in Axes
  1810 | D:3      | Found a large runed translucent door.
  1813 | D:3      | Found a large runed translucent door.
  1815 | D:3      | Noticed Cancer's ghost (amateur AtFi)
  2339 | D:4      | Found a glowing drain.
  2350 | D:4      | Reached skill level 5 in Shields
  2353 | Sewer    | Entered a sewer
  2456 | Sewer    | Reached skill level 5 in Armour
  2466 | Sewer    | Reached skill level 5 in Fighting
  2604 | Sewer    | Reached XP level 7. HP: 51/61 MP: 6/6
  2765 | D:4      | Noticed Ijyb
  2776 | D:4      | HP: 3/61 [Ijyb/+0 dagger (4)]
  2777 | D:4      | Killed Ijyb
  3125 | D:4      | Reached skill level 6 in Axes
  3415 | D:4      | Noticed Pikel
  3429 | D:4      | Killed Pikel
  3430 | D:4      | Reached skill level 7 in Axes
  3430 | D:4      | Reached XP level 8. HP: 13/70 MP: 7/7
  3659 | D:4      | Noticed Natasha
  3668 | D:4      | Killed Natasha
  4017 | D:5      | Entered Level 5 of the Dungeon
  4829 | D:5      | Found a staircase to the Ecumenical Temple.
  4884 | Temple   | Entered the Ecumenical Temple
  4897 | Temple   | Became a worshipper of Warmaster Okawaru
  5434 | D:6      | Reached skill level 8 in Axes
  5434 | D:6      | Reached skill level 1 in Invocations
  5775 | D:6      | Reached XP level 9. HP: 77/78 MP: 7/9
  6093 | D:7      | Reached * piety under Okawaru
  6102 | D:7      | Slain by an ogre

Illustrated notes

Levels and vault maps discovered:
D:1:      dpeg_arrival_tiny_f, layout_basic, serial_shops,
          nicolae_shop_bloodbath_and_beyond
D:2:      layout_basic, basic_altar, minmay_crystal_room, st_stairs_13,
          uniq_sigmund
D:3:      layout_loops_ring, ebering_ghost_disaster_area
D:4:      layout_basic, portal_sewer_entry_e, hangedman_decor_peaks_small,
          uniq_ijyb, uniq_pikel, uniq_natasha
D:5:      layout_basic, minmay_temple_entry_trees, nicolae_wormholes
D:6:      layout_rooms, nrook_mini_vaults
D:7:      layout_loops_corners
Temple:   minmay_crystal_snake_temple

Skill      XL: |  1  2  3  4  5  6  7  8 |
---------------+-------------------------+-----
Axes           | 3 4 5 7 8 |  8.6
Fighting       | 4 5 6 |  6.8
Armour         | 4 5 6 |  6.9
Shields        | 4 5 6 |  6.8
Throwing       | 1 2 3 4 |  4.5
Invocations    | 1 |  1.8

Action                   |  1- 3 |  4- 6 |  7- 9 || total
-------------------------+-------+-------+-------++-------
Melee: War axe           |    80 |   154 |   207 ||   441
       Headbutt          |    11 |    24 |    33 ||    68
Throw: Dart              |       |     5 |     1 ||     6
  Use: Scroll            |       |     7 |     6 ||    13
       Potion            |       |       |     2 ||     2
Armor: Scale mail        |    42 |    24 |       ||    66
       Chain mail        |       |    62 |   118 ||   180
Dodge: Dodged            |    47 |    75 |    80 ||   202
Block: Buckler           |    21 |    46 |    56 ||   123

Table legend: (Time is in decaauts)
 A = Elapsed time spent in this place.
 B = Non-inter-level travel time spent in this place.
 C = Inter-level travel time spent in this place.
 D = Time resting spent in this place.
 E = Time spent auto-exploring this place.
 F = Levels seen in this place.
 G = Mean time per level.
                   A        B        C        D        E       F      G
               +--------+--------+--------+--------+--------+-----+--------+
         Total |   6279 |   6060 |    219 |    429 |   3674 |   9 |  697.7 |
       Dungeon |   5623 |   5440 |    183 |    429 |   3541 |   7 |  803.3 |
        Temple |    194 |    158 |     36 |      0 |    133 |   1 |  194.0 |
         Sewer |    461 |    461 |      0 |      0 |      0 |   1 |  461.0 |
               +--------+--------+--------+--------+--------+-----+--------+

Top non-repeatable levels by time:
     D:4: 1400 daAuts
     D:5: 1122 daAuts
     D:3: 1033 daAuts
     D:1: 680 daAuts
     D:6: 610 daAuts
     D:2: 599 daAuts
   Sewer: 461 daAuts
  Temple: 194 daAuts
     D:7: 175 daAuts
